 Dungeon Crawl Stone Soup version bcrawl-1.37.2 (webtiles) character file.

Game seed: 4493255056945473597

169132 Coyote68 the Slasher (level 7, -4/54 HPs)
             Began as a Human Fighter on Nov 24, 2022.
             Slain by a sky beast (6 damage)
             ... on level 4 of the Dungeon on Nov 25, 2022.
             The game lasted 00:17:45 (4015 turns).

Coyote68 the Slasher (Human Fighter)                Turns: 4015, Time: 00:17:45

Health: -4/54      AC: 13    Str: 24      XL:     7   Next: 24%
Magic:  7/7        EV:  5    Int:  8      God:
Gold:   312        SH: 12    Dex: 10 (12) Spells: 6/6 levels left

rFire    . . .     GDR:     26% a - +0 long sword
rCold    . . .     SeeInvis .   c - +1 medium shield
rNeg     . . .     Gourm    .   j - +0 plate armour
rPois    .         Faith    .   (no helmet)
rElec    .         Spirit   .   g - +0 cloak
rCorr    .         Reflect  .   (no gloves)
MR       .....                  (no boots)
Stlth    ..........             (no amulet)
HPRegen  0.19/turn              (no ring)
MPRegen  0.10/turn              n - +2 ring of evasion

@: mighty
A: no striking features
a: no special abilities


You were on level 4 of the Dungeon.
You were hungry.

You visited 1 branch of the dungeon, and saw 4 of its levels.

You collected 312 gold pieces.

Inventory:

Hand Weapons
 a - a +0 long sword (weapon)
Missiles
 m - a throwing net {=f}
Armour
 b - a +0 scale mail
 c - a +1 medium shield (worn)
 g - a +0 cloak (worn)
 j - a +0 plate armour (worn)
Jewellery
 n - a +2 ring of evasion (right hand)
Scrolls
 i - a scroll of identify
 o - a scroll of blinking {unknown}
Potions
 f - 2 potions of curing
 h - a potion of agility
 l - a potion of haste
Comestibles
 e - 8 rations {!d}
 k - 2 chunks of flesh


   Skills:
 + Level 4.1 Fighting
 + Level 5.0 Long Blades
 + Level 4.7 Armour
 + Level 1.8 Dodging
 + Level 0.1 Stealth
 + Level 4.7 Shields


You had 6 spell levels left.
You didn't know any spells.
Your spell library was empty.

Dungeon Overview and Level Annotations

Branches:
Dungeon (4/12)
 Temple: D:4-7

Altars:
Dithmenos
Sif Muna


Message History

You feel very mighty all of a sudden.
A sky beast appears from thin air!
Reactivating autopickup.
You block the sky beast's attack.
You closely miss the sky beast.
The sky beast is lightly wounded.
The sky beast hits you but does no damage.
You barely miss the sky beast.
The sky beast is lightly wounded.
The sky beast barely misses you.
You slash the sky beast!
The sky beast is heavily wounded.
The sky beast hits you.
* * * LOW HITPOINT WARNING * * *
The sky beast shocks you.
* * * LOW HITPOINT WARNING * * *
The sky beast hits you.
* * * LOW HITPOINT WARNING * * *
The sky beast shocks you.
You die...

.#....# #.....# .#....#
#.....# ......# #.....#
......# #.#.#.. ..#+###
#.#..... ..#.#
#.#####.#. )...#
###.!....... .#..#
#####....Y###.# .#..#
#...'....@.$..#
##).####.###.....##.....
.).....#.# #.....# ....
)##.##.#.########## #.
.##>...#..........#
.################.#
..........##......#
.########.##.###### .#
#.##.#


You could see a sky beast.

Vanquished Creatures
  A bullfrog (D:4)
  A kobold brigand (D:4)
  A scorpion (D:4)
  A quasit (D:4)
  A hound (D:4)
  An orc wizard (D:4)
  An iguana (D:4)
  A worker ant (D:3)
  A howler monkey skeleton (D:2)
  An adder skeleton (D:4)
  6 worms
  3 dart slugs
  3 leopard geckos
  7 orcs
  2 bats (D:1)
  3 giant cockroaches (D:1)
  11 goblins
  11 hobgoblins
  5 quokkas
  A ball python (D:1)
  A frilled lizard (D:3)
  11 kobolds
  6 rats
80 creatures vanquished.

Notes
Turn   | Place    | Note
-------+----------+-------------------------------------------
     0 | D:1      | Coyote68 the Human Fighter began the quest for the Orb.
     0 | D:1      | Reached XP level 1. HP: 18/18 MP: 1/1
    98 | D:1      | Reached XP level 2. HP: 23/24 MP: 2/2
   306 | D:1      | Reached XP level 3. HP: 29/29 MP: 3/3
  1132 | D:2      | Reached XP level 4. HP: 35/35 MP: 4/4
  1142 | D:2      | Reached skill level 3 in Long Blades
  1314 | D:2      | Found a shimmering blue altar of Sif Muna.
  2010 | D:3      | Reached skill level 1 in Dodging
  2010 | D:3      | Reached XP level 5. HP: 24/41 MP: 5/5
  3259 | D:4      | Found a shadowy altar of Dithmenos.
  3275 | D:4      | Noticed a kobold brigand
  3293 | D:4      | Killed a kobold brigand
  3294 | D:4      | Reached skill level 4 in Long Blades
  3294 | D:4      | Reached XP level 6. HP: 23/48 MP: 6/6
  3599 | D:4      | Reached XP level 7. HP: 16/54 MP: 7/7
  3604 | D:4      | HP: 2/54 [worm (2)]
  3825 | D:4      | Reached skill level 5 in Long Blades
  4015 | D:4      | HP: 2/54 [sky beast (1)]
  4015 | D:4      | Slain by a sky beast

Skill      XL: |  1  2  3  4  5  6  7 |
---------------+----------------------+-----
Long Blades    | 3 4 5 |  5.0
Dodging        | 1 |  1.8
Armour         | 4 |  4.7
Shields        | 4 |  4.7
Fighting       | 4 |  4.1
Stealth        | |  0.1

Action                   |  1- 3 |  4- 6 |  7- 9 || total
-------------------------+-------+-------+-------++-------
Melee: Long sword        |   125 |   203 |    73 ||   401
  Use: Scroll            |       |    10 |     1 ||    11
       Potion            |       |     1 |     2 ||     3
  Eat: Chunk             |     1 |     7 |     3 ||    11
       Ration            |     1 |     2 |       ||     3
Armor: Scale mail        |    53 |    76 |     4 ||   133
       Plate armour      |       |    29 |    37 ||    66
Dodge: Dodged            |    30 |    51 |    10 ||    91
Block: Medium shield     |    62 |   123 |    36 ||   221
